Map: Dusk Towers

Players

Heretic

  • Race: Zerg Zerg
  • League: Master

Miszu - Winner!

  • Race: Terran Terran
  • League: Master

VOD

Have the link to the VOD?

Description

Time

  • Played on: March 10, 2016, 6:53 p.m.
  • Length: 15:36
Show
View Real Time Build Order
Export as new Build Order

Heretic Zerg 

Build Orders: Hatch First, Muta Ling Bane 

Get SALT Encoding   

  12  0:01  Drone  
  13  0:13  Overlord  
  13  0:18  Drone  
  14  0:32  Drone x2  
  17  0:35  Drone  
  17  0:52  Hatchery  
  17  0:55  Drone  
  17  1:10  Spawning Pool  
  16  1:12  Drone  
  16  1:15  Drone  
  18  1:19  Drone  
  18  1:21  Extractor  
  18  1:30  Drone  
  19  1:40  Overlord  
  19  1:56  Zergling x2  
  19  1:57  Queen  
  22  2:04  Queen, Drone  
  22  2:05  Drone  
  26  2:11  Drone  
  27  2:15  Drone  
  28  2:24  Drone  
  28  2:25  Metabolic Boost  
  28  2:29  Drone  
  30  2:38  Zergling x4  
  30  2:43  Overlord  
  32  2:45  Queen  
  33  3:02  Zergling x6  
  36  3:07  Zergling x4  
  36  3:08  Zergling x4  
  41  3:12  Zergling x2  
  41  3:16  Zergling x2  
  41  3:17  Zergling x2  
  42  3:20  Overlord  
  42  3:25  Overlord  
  42  3:32  Overlord  
  42  3:37  Overlord  
  42  3:43  Drone x2  
  42  3:44  Queen x2  
  42  3:45  Drone x3  
  42  3:48  Zergling x2  
  51  4:13  Drone  
  51  4:14  Drone x3  
  52  4:18  Zergling x6  
  55  4:25  Baneling Nest  
  53  4:35  Zergling x6  
  46  4:50  Zergling x4  
  48  4:58  Zergling x12  
  51  5:18  Drone x2  
  51  5:19  Drone  
  54  5:22  Hatchery  
  53  5:30  Drone x5  
  53  5:33  Extractor  
  53  5:34  Lair  
  57  5:37  Drone x2  
  59  5:42  Extractor  
  59  5:45  Drone  
  59  5:51  Drone  
  59  5:53  Extractor  
  59  6:05  Drone x2  
  59  6:06  Drone x6  
  59  6:09  Hatchery  
  66  6:14  Evolution Chamber  
  66  6:15  Drone x2  
  66  6:16  Evolution Chamber  
  66  6:21  Overlord  
  66  6:26  Drone  
  67  6:41  Drone x3  
  67  6:42  Drone x5  
  67  6:46  Spire  
  74  6:49  Zerg Melee Weapons Level 1  
  74  6:50  Zerg Ground Armor Level 1  
  74  6:51  Drone x2  
  76  6:55  Drone x3  
  76  6:58  Extractor x2  
  76  7:01  Centrifical Hooks  
  77  7:08  Zergling x10  
  82  7:09  Overlord x2  
  82  7:20  Baneling x2  
  82  7:21  Baneling x4  
  82  7:22  Drone  
  83  7:23  Drone x5  
  83  7:24  Overlord  
  88  7:30  Queen  
  88  7:33  Baneling  
  88  7:34  Baneling x7  
  88  7:35  Zergling x12  
  88  7:36  Zergling x8  
  100  7:44  Zergling x8  
  100  7:45  Zergling x2  
  97  8:03  Zergling x8, Drone x2  
  97  8:04  Zergling x12  
  103  8:09  Mutalisk x3  
  109  8:15  Overlord  
  109  8:18  Drone x2  
  111  8:24  Overlord  
  111  8:35  Mutalisk x4  
  111  8:40  Overlord  
  119  8:43  Overlord  
  119  8:44  Drone  
  120  8:50  Mutalisk x4  
  120  8:53  Zerg Ground Armor Level 2  
  128  8:58  Zerg Melee Weapons Level 2  
  128  9:01  Extractor, Drone x4  
  131  9:03  Extractor  
  130  9:11  Zergling x14  
  130  9:12  Zergling x8  
  130  9:15  Zergling x4  
  143  9:20  Overlord x3  
  143  9:22  Overlord  
  143  9:27  Overlord  
  143  9:28  Overlord  
  143  9:34  Overlord  
  143  9:35  Queen  
  139  9:46  Zergling x10  
  139  9:47  Zergling x10  
  139  9:51  Baneling x5  
  139  9:52  Baneling x8  
  149  9:55  Zergling x2  
  149  9:56  Zergling x12  
  156  10:03  Zergling x2  
  130  10:22  Drone x3  
  130  10:23  Drone x7  
  130  10:24  Drone x2  
  130  10:25  Drone  
  130  10:26  Drone x2  
  123  10:31  Mutalisk x2  
  123  10:32  Zerg Flyer Weapons Level 1  
  123  10:35  Mutalisk x3  
  127  10:39  Mutalisk  
  127  10:40  Mutalisk x2  
  138  10:46  Mutalisk x3  
  144  10:52  Mutalisk x3  
  144  10:54  Zergling x2  
  144  10:56  Extractor  
  150  10:57  Baneling x5  
  150  10:58  Zergling x4, Hatchery  
  150  11:04  Zergling x10  
  154  11:08  Zergling x6  
  154  11:09  Zergling x2  
  160  11:15  Zergling x6  
  160  11:17  Zergling x6  
  160  11:18  Zergling x4  
  168  11:20  Overlord  
  168  11:21  Overlord  
  168  11:24  Overlord  
  168  11:28  Zergling x2  
  163  11:34  Zergling x4  
  163  11:39  Zergling x2, Mutalisk  
  166  11:42  Overlord x2  
  166  12:00  Hatchery  
  164  12:10  Mutalisk x5  
  164  12:14  Baneling x5  
  164  12:15  Baneling x4  
  169  12:33  Mutalisk x3  
  169  12:34  Mutalisk  
  169  12:36  Zergling x12  
  183  12:46  Baneling x4  
  183  13:02  Baneling  
  183  13:03  Baneling x3  
  183  13:05  Zergling x12  
  187  13:06  Zergling x14  
  187  13:07  Zergling x6  
  155  13:20  Zergling x2  
  155  13:22  Zergling x6  
  155  13:26  Zergling x4  
  124  13:29  Mutalisk x3  
  124  13:30  Mutalisk x2  
  124  13:31  Mutalisk  
  124  13:33  Mutalisk  
  113  13:37  Mutalisk  
  115  13:41  Mutalisk x2  
  115  13:43  Mutalisk  
  115  13:45  Mutalisk  
  114  13:48  Mutalisk  
  114  13:53  Mutalisk  
  118  13:58  Baneling x5  
  118  14:00  Mutalisk  
  118  14:02  Mutalisk  
  122  14:07  Zergling x8  
  126  14:12  Drone  
  126  14:14  Zergling x2, Queen  
  130  14:18  Mutalisk x2  
  130  14:20  Mutalisk  
  130  14:21  Drone  
  130  14:22  Drone x2  
  139  14:31  Drone  
  140  14:34  Zergling x2  
  140  14:35  Zergling x20  
  151  14:45  Zergling x8  
  155  14:46  Zergling x2  
  155  14:49  Zergling x4  
  155  14:50  Drone  
  159  14:58  Baneling x16  
  159  14:59  Zergling x2, Baneling  
  160  15:00  Zergling x4  
  160  15:02  Baneling x4  
  158  15:09  Baneling  
  158  15:11  Baneling  
  158  15:12  Baneling x6  
Show
View Real Time Build Order
Export as new Build Order

Miszu Terran - Winner!

Build Orders: MMM Bio 

Get SALT Encoding   

  12  0:00  SCV  
  13  0:12  SCV  
  14  0:17  Supply Depot  
  14  0:24  SCV  
  15  0:39  SCV  
  15  0:40  Barracks  
  16  0:43  Refinery  
  16  0:51  SCV  
  17  0:59  Barracks  
  17  1:03  SCV  
  18  1:15  SCV  
  19  1:25  Barracks  
  19  1:28  Reaper  
  20  1:33  Refinery  
  20  1:39  Supply Depot  
  21  1:48  Reaper  
  21  1:54  Orbital Command  
  21  2:02  Reaper  
  21  2:07  Supply Depot  
  22  2:14  Reaper  
  23  2:19  SCV  
  23  2:20  Reaper  
  25  2:35  Reaper  
  25  2:36  SCV  
  27  2:46  Reaper  
  27  2:48  SCV  
  29  2:53  Reaper  
  30  3:07  Reaper  
  31  3:15  SCV  
  31  3:18  Reaper  
  33  3:22  Command Center  
  33  3:25  Reaper  
  34  3:27  SCV  
  34  3:32  Supply Depot  
  35  3:39  Reaper, SCV  
  37  3:50  Reaper  
  37  3:51  SCV  
  39  4:03  SCV  
  40  4:15  SCV  
  40  4:18  Barracks Reactor  
  40  4:19  Barracks Reactor  
  39  4:26  Barracks Tech Lab, Command Center  
  39  4:27  SCV  
  39  4:40  SCV  
  33  4:51  Orbital Command  
  33  4:52  Marine, SCV  
  34  4:54  Marine  
  34  4:55  Marine  
  34  4:57  Marine x2, Stimpack  
  34  4:59  Factory  
  39  5:04  SCV  
  40  5:10  Marine  
  40  5:12  Marine x2  
  41  5:16  SCV x2  
  41  5:17  Marine x2  
  45  5:28  SCV x2  
  46  5:29  Marine  
  46  5:31  Marine  
  46  5:32  Marine  
  46  5:35  Marine  
  51  5:40  SCV x2, Orbital Command  
  53  5:46  Refinery  
  53  5:48  Starport, Factory Reactor  
  53  5:52  Refinery, SCV  
  53  5:55  SCV  
  55  6:01  Barracks Tech Lab  
  55  6:02  Supply Depot  
  55  6:04  SCV  
  55  6:05  Orbital Command  
  55  6:07  SCV  
  55  6:08  Marine x2  
  55  6:10  Marine  
  60  6:16  Engineering Bay, SCV  
  61  6:19  Engineering Bay, SCV  
  61  6:21  Marine  
  61  6:24  Combat Shields  
  63  6:26  Marine  
  63  6:28  SCV  
  63  6:31  SCV, Factory Tech Lab  
  67  6:34  SCV  
  67  6:36  Medivac x2  
  73  6:41  SCV  
  73  6:43  Barracks, SCV  
  73  6:44  Barracks  
  73  6:50  Terran Infantry Weapons Level 1, Terran Infantry Armor Level 1  
  73  6:51  SCV  
  73  6:53  SCV  
  75  6:55  SCV  
  75  7:01  Supply Depot  
  76  7:03  Supply Depot, SCV  
  76  7:05  Marine, SCV  
  76  7:07  SCV  
  80  7:08  Supply Depot  
  80  7:11  Marine  
  80  7:13  Marine  
  80  7:14  Marine  
  80  7:15  SCV  
  84  7:17  SCV  
  86  7:22  SCV  
  86  7:23  Marine  
  86  7:27  SCV  
  86  7:28  Siege Tank  
  86  7:29  Marine, Medivac x2  
  96  7:31  Marine x2, SCV  
  96  7:34  SCV  
  100  7:38  Marine  
  100  7:40  Marine  
  100  7:41  Marine  
  100  7:42  Barracks Reactor  
  103  7:47  Marine  
  103  7:49  Marine  
  103  7:51  Marine  
  103  7:53  SCV x2  
  103  7:54  SCV  
  103  7:56  Marine  
  105  7:59  Medivac  
  108  8:07  Marine  
  109  8:13  Supply Depot x2, Marine x3  
  109  8:14  Marine  
  109  8:15  Supply Depot  
  109  8:16  Armory  
  109  8:17  Marauder  
  109  8:19  Marine, Siege Tank  
  117  8:32  Missile Turret  
  117  8:33  Missile Turret  
  117  8:34  Marine x2, Marauder, Refinery  
  117  8:38  Marauder  
  117  8:40  Supply Depot  
  124  8:41  SCV x3  
  124  8:46  Marine x2  
  124  8:47  Marine  
  129  8:53  SCV x3  
  132  8:55  Marine x2  
  132  9:02  Refinery  
  134  9:03  Thor  
  134  9:04  Supply Depot, Terran Infantry Armor Level 2, Marine, Marauder, Terran Infantry Weapons Level 2  
  134  9:05  SCV x2  
  134  9:06  SCV  
  134  9:09  Marine  
  147  9:10  Marauder  
  147  9:15  Supply Depot  
  147  9:16  Marine  
  149  9:25  Marine x4, Medivac, SCV x2  
  149  9:27  Supply Depot  
  157  9:36  Marine x3, Marauder  
  157  9:37  Supply Depot  
  162  9:43  Marine x3  
  165  9:49  Marine  
  156  9:54  Marine, Marauder  
  156  9:58  Marine, Marauder  
  162  10:01  Marine x3  
  162  10:07  Marine  
  162  10:12  Marine  
  164  10:16  Marine, Marauder  
  164  10:18  Marine x3  
  164  10:19  Marauder  
  171  10:24  Marine  
  171  10:28  Medivac  
  136  10:29  Marine  
  136  10:34  Marine  
  138  10:36  Marine x3, Command Center, Thor  
  138  10:37  Marauder  
  138  10:41  Marauder  
  138  10:42  Marine  
  149  10:47  Marine  
  150  10:52  Marine  
  150  10:54  Marine x3, Barracks  
  150  10:55  Barracks  
  150  10:56  Barracks  
  154  10:58  Marauder  
  154  11:00  Marine, Concussive Shells  
  154  11:02  Marauder  
  161  11:05  Supply Depot, Marine  
  161  11:06  Supply Depot  
  161  11:09  Marine  
  163  11:12  Marine x3  
  163  11:14  Starport Reactor  
  163  11:18  Marine  
  164  11:19  Supply Depot, Thor  
  164  11:20  Marauder  
  164  11:23  Marine, Marauder  
  176  11:27  Marine  
  177  11:39  Marine x4  
  180  11:41  Marine, Marauder  
  180  11:43  Terran Infantry Weapons Level 3, Terran Infantry Armor Level 3  
  180  11:45  Marine, Marauder  
  187  11:48  Barracks Tech Lab  
  187  11:49  Barracks Tech Lab  
  187  11:52  Barracks Tech Lab  
  185  11:57  Marine x4  
  185  11:58  Marine  
  185  12:00  Missile Turret  
  182  12:02  Terran Vehicle Weapons Level 1  
  182  12:03  Marine, Marauder  
  182  12:05  Medivac x2  
  182  12:06  Marauder  
  182  12:07  Thor  
  197  12:14  Marine  
  197  12:15  Marine x2  
  200  12:19  Marine  
  200  12:23  Missile Turret  
  200  12:27  Marauder  
  200  12:28  Marine  
  200  12:29  Marauder, Missile Turret  
  200  12:30  Planetary Fortress  
  200  12:31  Missile Turret  
  200  12:32  Missile Turret  
  200  12:33  Sensor Tower  
  200  12:43  Command Center  
  199  12:46  Barracks x2  
  199  12:48  Marine  
  199  12:49  Marauder  
  199  12:53  Marine  
  200  13:17  Marine  
  200  13:18  Marine x9, Marauder  
  200  13:19  Thor  
  171  13:21  Medivac  
  171  13:22  Medivac  
  144  13:35  Marine  
  144  13:36  Marine x7, Marauder  
  144  13:37  Marine, Marauder x2  
  144  13:39  Marine  
  146  13:51  Medivac  
  146  13:53  Marine  
  146  13:54  Marine x4, Marauder  
  155  13:59  Marine x6, Marauder  
  155  14:01  Thor  
  169  14:09  Factory  
  169  14:10  Missile Turret  
  169  14:11  Marine x2  
  169  14:16  Marauder  
  173  14:25  Marine x4, Marauder x2  
  173  14:26  Marine x2  
  173  14:28  Marine  
  184  14:37  Planetary Fortress  
  184  14:40  Command Center  
  184  14:41  Marine, Marauder  
  184  14:44  Medivac x2, Thor  
  184  14:45  Marine  
  200  14:46  Marauder  
Tags
 
Add a new tag
Caveats
  • Supply blocks, unpowered buildings, or Contaminate may cause inaccurate times.
  • Supply counts are checked every 10 seconds.